[Event "*** Titled Tuesday Blitz"]
[Site "Chess.com"]
[Date "2020.05.12"]
[Round "2"]
[White "Djager97"]
[Black "szefru"]
[Result "1-0"]
[WhiteElo "2402"]
[BlackElo "2103"]
[TimeControl "180+1"]
[EndTime "10:17:31 PDT"]
[Termination "Djager97 won by resignation"]

1. e4 Nf6 2. e5 Nd5 3. d4 d6 4. Nf3 g6 5. Be2 Bg7 6. O-O O-O 7. h3 c5 8. c4 Nb6 9. dxc5 dxc5 10. Nc3 Nc6 11. Bf4 Be6 12. b3 Nd7 13. Qc2 Ndxe5 14. Rfd1 Nxf3+ 15. Bxf3 Qc8 16. Rac1 Nd4 17. Qe4 Qc6 18.
Nd5 Rae8 19. Qd3 Nxf3+ 20. Qxf3 Bxd5 21. cxd5 Qb5 22. d6 e5 23. Be3 b6 24. d7 Rd8 25. Qb7 a5 26. Rd6 Rb8 27. Qxb8 Rxb8 28.
d8=Q+ Rxd8 29. Rxd8+ Bf8 30. Bh6 1-0

[Event "*** Titled Tuesday Blitz"]
[Site "Chess.com"]
[Date "2020.05.12"]
[Round "2"]
[White "nubair1198"]
[Black "Bubar"]
[Result "1-0"]
[WhiteElo "2711"]
[BlackElo "2329"]
[TimeControl "180+1"]
[EndTime "10:17:32 PDT"]
[Termination "nubair1198 won by resignation"]

1. d4 d5 2. c4 e6 3. Nc3 c5 4. cxd5 exd5 5. Nf3 Nc6 6. g3 c4 7.
Bg2 Bb4 8. O-O Nge7 9. Ne5 O-O 10. e4 Be6 11. Nxc6 bxc6 12. Bg5 f6 13. Be3 Qd7 14.
Qa4 Bxc3 15. bxc3 Bh3 16. exd5 Bxg2 17. Kxg2 Qxd5+ 18. Kg1 Rfe8 19. Rfe1 Nf5 20. Bf4 h5 21. h4 Kh7 22. Rab1 a5 23. Qc2 Kh8 24. Qd1 g6 25.
Rb7 Rad8 26. Ra7 Re4 27. Bc7 Rde8 28. Rxe4 Rxe4 29. Rxa5 Qe6 30. Qf3 Nxh4 31. gxh4 Rg4+ 32. Bg3 f5 33. Re5 Qd7 34. Qe2 1-0

[Event "*** Titled Tuesday Blitz"]
[Site "Chess.com"]
[Date "2020.05.12"]
[Round "2"]
[White "TheSodabread"]
[Black "MattyDPerrine"]
[Result "0-1"]
[WhiteElo "1935"]
[BlackElo "2365"]
[TimeControl "180+1"]
[EndTime "10:17:32 PDT"]
[Termination "MattyDPerrine won by resignation"]

1. d4 Nf6 2. Nc3 d5 3. Bf4 Bf5 4. f3 c6 5. e3 e6 6. g4 Bg6 7. h4 h5 8. g5 Ng8 9. Bd3 Ne7 10. Nh3 Nd7 11. Qd2 Bxd3 12. Qxd3 Ng6 13. Bg3 e5 14. O-O-O Bd6 15. e4 dxe4 16. Nxe4 Be7 17. d5 cxd5 18. Qxd5 Qc7 19. Nd6+ Bxd6 20. Qxd6 Rc8 21.
Qxc7 Rxc7 22. f4 O-O 23. f5 Ne7 24. f6 Nf5 25. fxg7 Kxg7 26. Rhg1 Rfc8 27. c3 b5 28. Rd5 Nxg3 29. Rxg3 b4 30. Rgd3 Nb6 31. Rxe5 bxc3 32. bxc3 Rxc3+ 33. Kd2 Nc4+ 34. Kxc3 Nxe5+ 35. Kd4 Nxd3 36. Kxd3 f6 37. Nf4 fxg5 38. hxg5 h4 39. Ke3 h3 40. Kf2 Rf8 41. Kg3 Rxf4 0-1

[Event "*** Titled Tuesday Blitz"]
[Site "Chess.com"]
[Date "2020.05.12"]
[Round "2"]
[White "Jospem"]
[Black "Trankuilizer"]
[Result "1-0"]
[WhiteElo "2859"]
[BlackElo "2549"]
[TimeControl "180+1"]
[EndTime "10:17:33 PDT"]
[Termination "Jospem won by resignation"]

1. c4 e6 2. Nf3 d5 3. g3 Nf6 4.
Bg2 Be7 5. O-O O-O 6. b3 c5 7. Bb2 Nc6 8. e3 b6 9. Nc3 Bb7 10. Qe2 d4 11. exd4 cxd4 12. Nb5 d3 13. Qd1 Nb4 14.
Ne1 Bxg2 15. Kxg2 a6 16. Nc3 Qd7 17. a3 Nc6 18. Nf3 Rfd8 19. Re1 Rac8 20. h3 h6 21. Rc1 Na5 22. Ne5 Qb7+ 23. Kg1 Bd6 24. Ng4 Nh7 25. Ne4 Bb8 26. Nxh6+ Kf8 27. Qh5 Nxb3 28. Ng4 Kg8 29.
Ng5 Nxg5 30. Qxg5 Kf8 31. Bxg7+ 1-0

[Event "*** Titled Tuesday Blitz"]
[Site "Chess.com"]
[Date "2020.05.12"]
[Round "2"]
[White "SamuelGhimpu2003"]
[Black "mbachez"]
[Result "1-0"]
[WhiteElo "2708"]
[BlackElo "2476"]
[TimeControl "180+1"]
[EndTime "10:17:33 PDT"]
[Termination "SamuelGhimpu2003 won by resignation"]

1. e4 e6 2. f4 d5 3. e5 c5 4.
Nf3 Nc6 5. c3 Nh6 6. Na3 Nf5 7.
Nc2 Be7 8. Bd3 O-O 9. O-O c4 10. Bxf5 exf5 11. d3 f6 12. Kh1 cxd3 13. Qxd3 fxe5 14.
fxe5 f4 15. Ncd4 Kh8 16. Nxc6 bxc6 17. Nd4 Qb6 18. Rxf4 Ba6 19. Qc2 c5 20. Nf5 Bg5 21. Rf3 Bxc1 22. Rxc1 Qe6 23. Qf2 Qxe5 24. Re1 Qf6 25.
Nh6 Qxf3 26. gxf3 gxh6 27. Qxc5 Rae8 28. Qd4+ Kg8 29. Rg1+ Kf7 30. Qxd5+ Re6 31. Qf5+ Ke7 32. Rg7+ 1-0

[Event "*** Titled Tuesday Blitz"]
[Site "Chess.com"]
[Date "2020.05.12"]
[Round "2"]
[White "Nikolaj_6"]
[Black "Pintacara"]
[Result "0-1"]
[WhiteElo "2569"]
[BlackElo "2314"]
[TimeControl "180+1"]
[EndTime "10:17:33 PDT"]
[Termination "Pintacara won by resignation"]

1. e4 c5 2. Nf3 e6 3. d4 cxd4 4. Nxd4 a6 5. Nc3 Qc7 6. a3 Nf6 7. f4 d6 8. Qf3 Nbd7 9. g4 g6 10. g5 Nh5 11. Be3 b5 12. O-O-O Bb7 13. Nde2 Bg7 14.
Bh3 Rc8 15. Kb1 O-O 16. Bd4 a5 17. Bxg7 Nxg7 18. Qd3 b4 19. Nb5 Qb6 20. Nxd6 Nc5 21. Nxc8 Rxc8 22. Qd6 Qa7 23. axb4 axb4 24. Ng3 Ra8 25.
Kc1 Bxe4 26. Rhe1 Rc8 27. Qd8+ Rxd8 28. Rxd8+ Ne8 29. Rxe8+ Kg7 30. Nxe4 Nxe4 31. Rxe4 Qg1+ 32. Kd2 Qxh2+ 33. Kd3 Qxh3+ 34. Kc4 Qf5 35. Rd4 Qxc2+ 36. Kxb4 Qxb2+ 37. Kc4 Qa2+ 38. Kb4 Qb2+ 39. Kc4 Qc2+ 40.
Kb4 h6 41. Rdd8 hxg5 42. Rg8+ Kf6 0-1

[Event "*** Titled Tuesday Blitz"]
[Site "Chess.com"]
[Date "2020.05.12"]
[Round "2"]
[White "Nastya_Rakhmangulova"]
[Black "chess94cu"]
[Result "1-0"]
[WhiteElo "2282"]
[BlackElo "2456"]
[TimeControl "180+1"]
[EndTime "10:17:33 PDT"]
[Termination "Nastya_Rakhmangulova won by checkmate"]

1. e4 e5 2. Nf3 Nc6 3. c3 Nf6 4. d4 exd4 5. e5 Nd5 6. cxd4 d6 7.
Bb5 dxe5 8. Nxe5 Bb4+ 9. Bd2 O-O 10. Nxc6 bxc6 11. Bxc6 Rb8 12. O-O Ba6 13. Re1 Bxd2 14.
Qxd2 Nb4 15. Be4 f5 16. Bc2 Nxc2 17. Qxc2 Qxd4 18. Nc3 Bb7 19. Rad1 Qg4 20. Nd5 Kh8 21.
Qxc7 Bxd5 22. Rxd5 Rxb2 23. Rd8 Qb4 24. Red1 h6 25. Qf7 Rxd8 26. Rxd8+ Kh7 27. Qxf5+ g6 28. Qf7# 1-0

[Event "*** Titled Tuesday Blitz"]
[Site "Chess.com"]
[Date "2020.05.12"]
[Round "2"]
[White "ErikRonka"]
[Black "madalin18"]
[Result "1-0"]
[WhiteElo "2429"]
[BlackElo "2185"]
[TimeControl "180+1"]
[EndTime "10:17:33 PDT"]
[Termination "ErikRonka won by resignation"]

1. e4 c5 2. Nf3 d6 3. d4 cxd4 4. Nxd4 Nf6 5. Nc3 a6 6. Be3 e5 7. Nb3 Be7 8. f3 O-O 9. Qd2 Nbd7 10. O-O-O b5 11. g4 Nb6 12. g5 Nfd7 13. Nd5 Nxd5 14.
exd5 f5 15. gxf6 Nxf6 16. Na5 Bf5 17. Nc6 Qc7 18. Bd3 Nxd5 19. Bxf5 Nxe3 20. Be6+ Kh8 21. Qxe3 Qxc6 22. Bd5 Qc7 23. Bxa8 Rxa8 24. Kb1 Rc8 25. Qe4 Bf6 26. Rd3 Qd7 27. Rhd1 Qh3 28. Qg4 Qxh2 29.
Qxc8+ 1-0

[Event "*** Titled Tuesday Blitz"]
[Site "Chess.com"]
[Date "2020.05.12"]
[Round "2"]
[White "bazar-wokzal"]
[Black "AlexZambrano"]
[Result "1-0"]
[WhiteElo "2545"]
[BlackElo "2288"]
[TimeControl "180+1"]
[EndTime "10:17:34 PDT"]
[Termination "bazar-wokzal won on time"]

1. e4 d5 2. exd5 Qxd5 3. Nc3 Qd6 4. Nf3 Bg4 5. h3 Bxf3 6. Qxf3 c6 7. d4 Nf6 8. Bf4 Qb4 9. O-O-O e6 10. g4 Nbd7 11. Bg2 Nd5 12. Nxd5 cxd5 13. Rhe1 Be7 14. Qb3 O-O 15.
c3 Rfc8 16. Kb1 Qxb3 17. axb3 Bh4 18. Re2 a5 19. c4 Nb6 20. c5 Nd7 21. Rc2 Nf8 22.
Bd6 Ng6 23. f4 Be7 24. f5 Bxd6 25. fxg6 Bf4 26. gxf7+ Kxf7 27. Re1 a4 28. b4 a3 29.
Rce2 axb2 30. Kxb2 Re8 31. Kb3 g5 32. b5 h6 33. b6 1-0

[Event "*** Titled Tuesday Blitz"]
[Site "Chess.com"]
[Date "2020.05.12"]
[Round "2"]
[White "Sashadav97"]
[Black "LastHeroJr"]
[Result "1-0"]
[WhiteElo "2778"]
[BlackElo "2514"]
[TimeControl "180+1"]
[EndTime "10:17:35 PDT"]
[Termination "Sashadav97 won by resignation"]

1. d4 Nf6 2. c4 e6 3. Nc3 Bb4 4. f3 d5 5. a3 Bxc3+ 6. bxc3 O-O 7. cxd5 exd5 8. e3 c5 9. Bd3 Nc6 10. Ne2 Re8 11. O-O b6 12. Ng3 Qd6 13. Ra2 g6 14.
Re2 Bb7 15. Bb2 Re7 16. a4 Rae8 17. Rfe1 h5 18. Nh1 Na5 19. Nf2 Nc6 20. Bb5 a6 21. Bd3 Re6 22. Bb1 Qe7 23. e4 dxe4 24. fxe4 cxd4 25.
cxd4 Na5 26. e5 Nd5 27. Ne4 Nc4 28. Bc1 Qc7 29. Bg5 b5 30. axb5 axb5 31. Nc5 Rb6 32. e6 f5 33. Qd3 Bc8 34. Qf3 Nd6 35. Qxd5 b4 36. e7+ Kh7 37. Bf4 1-0

[Event "*** Titled Tuesday Blitz"]
[Site "Chess.com"]
[Date "2020.05.12"]
[Round "2"]
[White "pawel83"]
[Black "DenisQ"]
[Result "0-1"]
[WhiteElo "2370"]
[BlackElo "2651"]
[TimeControl "180+1"]
[EndTime "10:17:35 PDT"]
[Termination "DenisQ won by resignation"]

1. d4 d5 2. Nf3 Nf6 3. e3 c5 4.
Nbd2 Nc6 5. b3 Bg4 6. Bb2 cxd4 7. exd4 e6 8. Be2 Rc8 9. O-O Be7 10. a3 O-O 11. Rc1 Ne4 12. Ne5 Bxe2 13. Qxe2 Nxd2 14. Qxd2 Nxe5 15. dxe5 Qb6 16. b4 Rc4 17. Rfd1 Rfc8 18. Bd4 Qa6 19. Qd3 h6 20. g3 Qa4 21. Rd2 a5 22.
bxa5 Qxa3 23. Qxa3 Bxa3 24. Rb1 Bb4 25. c3 Bxa5 26.
Rxb7 Bxc3 27. Bxc3 Rxc3 28. Kg2 Rc2 29. Rd3 Re2 30. Re3 Rxe3 31. fxe3 Rc4 32. Kf3 g5 33. g4 Re4 34. Ra7 Kg7 35. Rb7 Rxe5 36. Rb4 Kg6 37. h3 h5 38. Ra4 h4 39. Rb4 Re4 40. Rb8 Rc4 41. Rg8+ Kf6 42. Rh8 Rc2 43. e4 Rc3+ 44. Ke2 dxe4 0-1

[Event "*** Titled Tuesday Blitz"]
[Site "Chess.com"]
[Date "2020.05.12"]
[Round "2"]
[White "Mykola-Bortnyk"]
[Black "Pedrada88"]
[Result "1-0"]
[WhiteElo "2869"]
[BlackElo "2343"]
[TimeControl "180+1"]
[EndTime "10:17:36 PDT"]
[Termination "Mykola-Bortnyk won by resignation"]

1. e4 c5 2. c3 Nf6 3. e5 Nd5 4. Bc4 Nb6 5. Bb3 c4 6. Bc2 g5 7.
d4 cxd3 8. Bxd3 Nc6 9. Qe2 e6 10. Nf3 Be7 11. Nbd2 Qc7 12. h3 h6 13. a4 d6 14. exd6 Bxd6 15. Ne4 Be7 16. Ng3 Bd7 17. O-O Nd5 18. a5 Nxa5 19. Ne5 Nb3 20. Nxd7 Nxa1 21. Ne5 Nb3 22. Bb5+ Kf8 23. Nh5 Nxc1 24. Rxc1 a6 25. Bd3 Rd8 26. Re1 Nf6 27. Nxf7 Kxf7 28. Qxe6+ Kf8 29.
Bg6 Rh7 30. Nxf6 Rg7 31. Nh7+ Rxh7 32. Bxh7 Kg7 33. Qxe7+ Qxe7 34. Rxe7+ Kf6 35. Rxb7 Rd1+ 36. Kh2 Rd2 37. f3 h5 38. c4 Ke5 39. c5 Kd5 40. Rd7+ 1-0

[Event "*** Titled Tuesday Blitz"]
[Site "Chess.com"]
[Date "2020.05.12"]
[Round "2"]
[White "Funkmaus"]
[Black "Witaliss"]
[Result "0-1"]
[WhiteElo "2203"]
[BlackElo "2441"]
[TimeControl "180+1"]
[EndTime "10:17:36 PDT"]
[Termination "Witaliss won on time"]

1. d4 c6 2. c4 d5 3. cxd5 cxd5 4. Nc3 Nc6 5. Nf3 Nf6 6. Bf4 a6 7. e3 Bg4 8. Be2 e6 9. h3 Bxf3 10. Bxf3 Bb4 11. O-O O-O 12. a3 Bxc3 13. bxc3 Na5 14.
Rb1 Rc8 15. Qd2 b5 16. Rfc1 Ne4 17. Bxe4 dxe4 18. Qc2 Qd5 19. a4 Nc4 20. Qa2 Nxe3 21. Qxd5 Nxd5 22. Bd6 Rfd8 23. Bc5 bxa4 24. Ra1 Rb8 25.
Rxa4 Nc7 26. Re1 f5 27. f3 exf3 28. gxf3 Kf7 29. Kf2 Rd7 30. Bb4 Rb6 31. Rea1 Rc6 32. R1a3 g6 33. h4 h6 34. Ke2 g5 35. hxg5 hxg5 36.
Ra5 Kg6 37. Re5 Nb5 38. Rb3 Rxd4 39. cxd4 Nxd4+ 40. Kd3 Nxb3 0-1

[Event "*** Titled Tuesday Blitz"]
[Site "Chess.com"]
[Date "2020.05.12"]
[Round "2"]
[White "OMGCovid-19"]
[Black "Misticpikachu"]
[Result "0-1"]
[WhiteElo "1912"]
[BlackElo "2361"]
[TimeControl "180+1"]
[EndTime "10:17:36 PDT"]
[Termination "Misticpikachu won by resignation"]

1. d4 d5 2. Nf3 e6 3. Bg5 Nf6 4. Nbd2 Be7 5. e3 O-O 6. Bd3 c5 7. c3 Nc6 8. O-O h6 9. Bh4 b6 10. Ne5 Bb7 11. f4 Ne4 12. Bxe7 Nxe7 13. Bxe4 dxe4 14.
Qc2 f5 15. dxc5 bxc5 16. Rad1 Qc7 17. Ndc4 Rad8 18. Qe2 Ba6 19. Qh5 Nd5 20. Rfe1 Nb6 21. Na5 Bd3 22. Nac6 Rd6 23. Nxd3 exd3 24. Ne5 c4 25. e4 fxe4 26. Rxe4 Rd5 27. Re3 Qc5 28. Kf2 Rxf4+ 29. Nf3 Rxh5 0-1

[Event "*** Titled Tuesday Blitz"]
[Site "Chess.com"]
[Date "2020.05.12"]
[Round "2"]
[White "csati17"]
[Black "AsselLesbekova"]
[Result "1-0"]
[WhiteElo "2530"]
[BlackElo "2286"]
[TimeControl "180+1"]
[EndTime "10:17:37 PDT"]
[Termination "csati17 won by resignation"]

1. c4 f5 2. g3 d6 3. Bg2 g6 4. d4 Bg7 5. Nf3 Nf6 6. O-O O-O 7. Nc3 Nc6 8. Rb1 e5 9. dxe5 dxe5 10. Bg5 e4 11.
Ne1 Be6 12. Qa4 Ne5 13. Rd1 Qe7 14. b3 c6 15. Nc2 h6 16. Bf4 Ned7 17. Bd6 Qf7 18. Nd4 Rfe8 19. Nxe6 Qxe6 20. c5 Ng4 21. Rc1 Be5 22. Rfd1 e3 23. f4 Bg7 24. Nd5 cxd5 25. Bxd5 Ndf6 26. Bxe6+ Rxe6 27. Qb5 Nf2 28. Qxb7 Rae8 29.
c6 Nxd1 30. Rxd1 Ne4 31. Bb4 Nf2 32. Rd7 1-0

[Event "*** Titled Tuesday Blitz"]
[Site "Chess.com"]
[Date "2020.05.12"]
[Round "2"]
[White "Unknown_IM"]
[Black "Durarbayli"]
[Result "0-1"]
[WhiteElo "2519"]
[BlackElo "2799"]
[TimeControl "180+1"]
[EndTime "10:17:38 PDT"]
[Termination "Durarbayli won by resignation"]

1. Nf3 c5 2. c4 Nf6 3. Nc3 e6 4. d4 cxd4 5. Nxd4 Bb4 6. Bd2 O-O 7. g3 Nc6 8. Nc2 Bxc3 9. Bxc3 Ne4 10. Qd3 Nxc3 11. Qxc3 d5 12. Bg2 d4 13. Qd2 e5 14. O-O Bf5 15. a3 Na5 16. e4 Nb3 17.
Qd3 Nxa1 18. Nxa1 Be6 19. f4 Qc7 20. b3 f6 21. Nc2 b5 22. cxb5 Rfc8 23. Nb4 Qc3 24.
fxe5 fxe5 25. Qxc3 Rxc3 26. Nc6 Bxb3 27. Nxe5 d3 28.
Nf3 Ba4 29. Nd2 Rc2 30. e5 Rd8 31. Ne4 d2 32. Nd6 Bb3 33. Rd1 Rc1 34. Bf3 Bxd1 35. Bd5+ Kf8 0-1

[Event "*** Titled Tuesday Blitz"]
[Site "Chess.com"]
[Date "2020.05.12"]
[Round "2"]
[White "Aureliano-Buendia"]
[Black "Lestofante90"]
[Result "1-0"]
[WhiteElo "2416"]
[BlackElo "2639"]
[TimeControl "180+1"]
[EndTime "10:17:38 PDT"]
[Termination "Aureliano-Buendia won by resignation"]

1. d4 Nf6 2. c4 e6 3. g3 d5 4. Nf3 c6 5. Nbd2 Be7 6. Bg2 O-O 7. O-O b6 8. b3 a5 9. a3 Ba6 10. Qc2 Nbd7 11. Bb2 Rc8 12. Rac1 c5 13. Qd3 a4 14. e3 axb3 15. Qxb3 Qc7 16. Rfd1 Qa7 17. Ne5 dxc4 18. Ndxc4 Bb7 19. Nxd7 Nxd7 20. dxc5 Bxg2 21. Kxg2 Bxc5 22. Kg1 Rfd8 23. Nd6 Bxd6 24. Rxd6 Rxc1+ 25. Bxc1 Qc7 26. Qd1 Qc3 27. e4 h6 28. Be3 Qc7 29. Bxb6 Nxb6 30. Rxd8+ Kh7 31. Kg2 Nc4 32. Rd4 Ne5 33.
f4 Ng4 34. Qxg4 1-0

[Event "*** Titled Tuesday Blitz"]
[Site "Chess.com"]
[Date "2020.05.12"]
[Round "2"]
[White "ahmadzada13"]
[Black "PlotnikovPavel"]
[Result "1-0"]
[WhiteElo "2745"]
[BlackElo "2497"]
[TimeControl "180+1"]
[EndTime "10:17:39 PDT"]
[Termination "ahmadzada13 won by resignation"]

1. e4 e6 2. d4 d5 3. Nd2 Be7 4. e5 c5 5. c3 Nc6 6. Bd3 Nh6 7. Ndf3 Nf5 8. Ne2 cxd4 9. cxd4 Qb6 10.
O-O a5 11. a3 a4 12. Bxf5 exf5 13. Nc3 Qa5 14. Bg5 Be6 15. Qd2 h6 16. Bxe7 Nxe7 17.
Rac1 O-O 18. Qe3 Rfc8 19. Ne2 Rc4 20. Nf4 Rac8 21. h4 Qb5 22. Qd2 Qb3 23. Rxc4 Rxc4 24. Rc1 b5 25. Rxc4 dxc4 26. Qa5 Kh7 27. Nxe6 fxe6 28.
Qc7 Nd5 29. Qc6 Nf4 30. g3 Qxf3 31. Qxf3 Nd3 32. d5 Nxe5 33. Qe2 1-0

[Event "*** Titled Tuesday Blitz"]
[Site "Chess.com"]
[Date "2020.05.12"]
[Round "2"]
[White "S_Kalvaitis"]
[Black "DinaBelenkaya"]
[Result "1-0"]
[WhiteElo "2403"]
[BlackElo "2104"]
[TimeControl "180+1"]
[EndTime "10:17:39 PDT"]
[Termination "S_Kalvaitis won by checkmate"]

1. e4 d5 2. exd5 Qxd5 3. Nc3 Qa5 4. d4 c6 5. Nf3 Nf6 6. Bd2 Bf5 7. Bc4 e6 8. O-O Qb6 9. Bb3 Nbd7 10. Qe2 Be7 11.
Rad1 O-O 12. h3 Rfe8 13. Rfe1 Bg6 14. Bf4 a5 15. Ne5 Bf8 16. Nc4 Qa6 17. a4 Nd5 18. Bg3 Nxc3 19. bxc3 b5 20. Nd6 Bxd6 21. Bxd6 Nb6 22.
Qf3 Rac8 23. Re5 bxa4 24. Ba2 Bxc2 25. Rde1 Bb3 26. Bb1 g6 27. Rh5 f5 28. Qg3 Qb7 29.
Rh6 Qf7 30. Be5 Nd5 31. h4 Nf6 32. h5 Ng4 33. hxg6 hxg6 34. Rh8# 1-0

[Event "*** Titled Tuesday Blitz"]
[Site "Chess.com"]
[Date "2020.05.12"]
[Round "2"]
[White "Klavdia_Nik"]
[Black "Ginzburg_Yakov"]
[Result "0-1"]
[WhiteElo "2068"]
[BlackElo "2391"]
[TimeControl "180+1"]
[EndTime "10:17:40 PDT"]
[Termination "Ginzburg_Yakov won by resignation"]

1. Nf3 Nf6 2. c4 c6 3. b3 d5 4. Bb2 Bf5 5. g3 e6 6. Bg2 h6 7.
O-O Be7 8. d3 O-O 9. Nbd2 Nbd7 10. Re1 Bh7 11. Ne5 Bd6 12. Nxd7 Nxd7 13. e4 e5 14.
exd5 cxd5 15. d4 e4 16. cxd5 f5 17. Nc4 Bb4 18. Rf1 Nf6 19. a3 Be7 20. d6 Bxd6 21.
Nxd6 Qxd6 22. b4 Nd5 23. Qb3 Kh8 24. Rac1 Rad8 25. Rc5 Bg8 26. Qc2 Rde8 27. Bc1 Qf6 28. Be3 g5 29. Re1 f4 30. Bc1 f3 31. Bf1 e3 32.
Bd3 exf2+ 33. Kxf2 Rxe1 34. Kxe1 f2+ 35. Kf1 Qf3 36.
Be4 Ne3+ 37. Bxe3 Qxe3 38. Qe2 Qxe2+ 0-1

[Event "*** Titled Tuesday Blitz"]
[Site "Chess.com"]
[Date "2020.05.12"]
[Round "2"]
[White "Arjun2002"]
[Black "LogoCzar"]
[Result "1-0"]
[WhiteElo "2660"]
[BlackElo "2424"]
[TimeControl "180+1"]
[EndTime "10:17:41 PDT"]
[Termination "Arjun2002 won by resignation"]

1. e4 e5 2. Nf3 Nc6 3. Bc4 Nf6 4. d3 Bc5 5. c3 a6 6. O-O d6 7. a4 Ba7 8. Re1 O-O 9. h3 Be6 10. Bxe6 fxe6 11. b4 Nh5 12. Ra2 Qf6 13. Be3 Nf4 14.
Bxf4 Qxf4 15. Nbd2 Rf6 16. Qe2 Raf8 17. b5 Ne7 18.
Nf1 Rg6 19. N1h2 Qg3 20. Ng4 h5 21. d4 Qf4 22. Ngh2 Rgf6 23. bxa6 bxa6 24. Rb1 g5 25. g3 Qxf3 26. Nxf3 Rxf3 27. Rb7 Nc6 28. Qc4 exd4 29. Qxc6 Bc5 30. Qxc7 R3f7 31. Qc6 Rxf2 32. Rxf2 dxc3 33.
Qxc5 dxc5 34. Rxf8+ Kxf8 35. Rb3 c2 36. Rc3 Ke7 37.
Rxc5 1-0

[Event "*** Titled Tuesday Blitz"]
[Site "Chess.com"]
[Date "2020.05.12"]
[Round "2"]
[White "ajian"]
[Black "Luibov_AN"]
[Result "0-1"]
[WhiteElo "2384"]
[BlackElo "2113"]
[TimeControl "180+1"]
[EndTime "10:17:41 PDT"]
[Termination "Luibov_AN won on time"]

1. d4 g6 2. c4 Bg7 3. Nf3 c5 4. d5 e5 5. e4 d6 6. Nc3 Nf6 7. Be2 O-O 8. O-O Na6 9. Bg5 h6 10. Bh4 g5 11. Bg3 Nc7 12. Ne1 a6 13. f3 Rb8 14. a4 Bd7 15. a5 Nh5 16. Nd3 b5 17. axb6 Rxb6 18. Bf2 Nf4 19. Qc2 f5 20. Rfb1 Qe8 21.
Be3 Qg6 22. Bf1 g4 23. Nxf4 exf4 24. Bxf4 fxe4 25. Bg3 exf3 26. Qxg6 Bf5 27. Qh5 Bxb1 28. Rxb1 fxg2 29. Bxg2 Bxc3 30. Qg6+ Bg7 31. Bxd6 Rf6 32.
Bxc7 Rxg6 33. Bxb6 Rxb6 34. b3 Bd4+ 35. Kh1 a5 36. Be4 Kg7 37. Bf5 h5 38. Kg2 Kf6 39. Bd3 Kg5 40. Bc2 Rf6 41. Rf1 Rb6 42. Rf5+ Kh6 43.
Rf1 a4 44. bxa4 Rb2 45. Rc1 Be3 46. Re1 Rxc2+ 47. Kh1 Bd4 48. a5 Ra2 49. a6 Rxa6 50. Kg2 Kg5 51. Re6 Rxe6 52. dxe6 h4 53. Kf1 Kf6 54. Ke2 Kxe6 0-1

[Event "*** Titled Tuesday Blitz"]
[Site "Chess.com"]
[Date "2020.05.12"]
[Round "2"]
[White "lamomiablanca"]
[Black "Nafania1"]
[Result "0-1"]
[WhiteElo "2171"]
[BlackElo "2425"]
[TimeControl "180+1"]
[EndTime "10:17:42 PDT"]
[Termination "Nafania1 won by resignation"]

1. e4 e6 2. d4 d5 3. Nd2 Be7 4. Ngf3 Nf6 5. e5 Nfd7 6. Bd3 c5 7. c3 Nc6 8. O-O a5 9. a4 cxd4 10. cxd4 Nb4 11. Bb1 b6 12. Re1 Ba6 13. Nf1 b5 14.
axb5 Bxb5 15. Ng3 Nc6 16. Nh5 g6 17. Nf4 Qb6 18. h4 Bb4 19. Bd2 Be7 20. Bc3 a4 21. g3 Ra7 22. Bc2 a3 23. bxa3 Bxa3 24. Ng5 Be7 25. Rxa7 Qxa7 26. Qf3 Bxg5 27. hxg5 Nxd4 28. Qe3 Nc6 29. Qd2 O-O 30. Kg2 d4 31.
Bb2 Ndxe5 32. Rxe5 Nxe5 33. Bxd4 Bc6+ 0-1

[Event "*** Titled Tuesday Blitz"]
[Site "Chess.com"]
[Date "2020.05.12"]
[Round "2"]
[White "leoduarte"]
[Black "m-garcett"]
[Result "1-0"]
[WhiteElo "2376"]
[BlackElo "1991"]
[TimeControl "180+1"]
[EndTime "10:17:42 PDT"]
[Termination "leoduarte won by resignation"]

1. e4 c5 2. Nf3 d6 3. d4 cxd4 4. Nxd4 Nf6 5. Nc3 a6 6. Be2 e6 7. O-O Nbd7 8. f4 b5 9. Bf3 Bb7 10. e5 Bxf3 11. Qxf3 dxe5 12. Nc6 Qc7 13. fxe5 Bc5+ 14.
Kh1 Rc8 15. exf6 gxf6 16. Nd5 exd5 17. Re1+ Ne5 18. Qxf6 Qxc6 19. Qxh8+ Kd7 20. Qxe5 Rg8 21. Qf5+ Kc7 22. Bf4+ Kb6 23. Rad1 d4 24. Qe4 Qxe4 1-0

[Event "*** Titled Tuesday Blitz"]
[Site "Chess.com"]
[Date "2020.05.12"]
[Round "2"]
[White "GMartin_Petrov"]
[Black "Azerichess"]
[Result "0-1"]
[WhiteElo "2579"]
[BlackElo "3042"]
[TimeControl "180+1"]
[EndTime "10:17:43 PDT"]
[Termination "Azerichess won by resignation"]

1. e4 c6 2. d4 d5 3. e5 Bf5 4. Nf3 e6 5. Be2 Ne7 6. O-O Nd7 7. a4 c5 8. c4 dxc4 9. Na3 Nc6 10. Nxc4 Be4 11.
Bg5 Qb8 12. dxc5 Bxc5 13. Rc1 h6 14. Bf4 Bd5 15. Nd6+ Bxd6 16. exd6 O-O 17. Bg3 Qd8 18. Nd4 Qb6 19. Nb5 Rac8 20. Qd2 Nf6 21. Nc3 Nd4 22.
Nxd5 Nxd5 23. Rxc8 Rxc8 24. Bd3 Nb3 25. Qe2 Qd4 26.
Bb1 Nc1 27. Qf3 Qd2 28. Rd1 Ne2+ 29. Qxe2 Qxe2 0-1

[Event "*** Titled Tuesday Blitz"]
[Site "Chess.com"]
[Date "2020.05.12"]
[Round "2"]
[White "Msb2"]
[Black "pollo2016"]
[Result "1-0"]
[WhiteElo "2906"]
[BlackElo "2556"]
[TimeControl "180+1"]
[EndTime "10:17:43 PDT"]
[Termination "Msb2 won by resignation"]

1. d4 Nf6 2. c4 c5 3. d5 g6 4. Nc3 Bg7 5. e4 d6 6. h3 O-O 7. Nf3 e5 8. Bd3 Nh5 9. Be3 Nf4 10. Bf1 a6 11. g3 Nh5 12. a4 Nd7 13.
Be2 Qe8 14. Nd2 Nhf6 15. g4 h6 16. h4 Nh7 17. Nf1 f5 18. gxf5 gxf5 19. exf5 Rxf5 20. Ng3 Rf8 21. Rg1 Ndf6 22. Nge4 Kh8 23. Nxd6 Qe7 24. Nde4 Nxe4 25. Nxe4 Qxh4 26. Nxc5 Ng5 27. Qd2 b6 28. Nd3 Ne4 29. Qc2 Bf5 30. O-O-O Rac8 31. Kb1 b5 32. c5 b4 33. Rh1 Qf6 34. Qc1 b3 35.
Bxh6 Kg8 36. Bxg7 Kxg7 37. Rdg1+ Kf7 38. Rh6 Qe7 39. Bh5+ 1-0

[Event "*** Titled Tuesday Blitz"]
[Site "Chess.com"]
[Date "2020.05.12"]
[Round "2"]
[White "crescentmoon2411"]
[Black "ThePatrick27"]
[Result "1-0"]
[WhiteElo "2815"]
[BlackElo "2526"]
[TimeControl "180+1"]
[EndTime "10:17:43 PDT"]
[Termination "crescentmoon2411 won by checkmate"]

1. e4 e6 2. d4 d5 3. Nc3 Bb4 4. e5 c5 5. a3 Bxc3+ 6. bxc3 Qa5 7. Bd2 Qa4 8. Qg4 Kf8 9. Qd1 b6 10. c4 Nc6 11. Nf3 Nge7 12. cxd5 exd5 13. c3 Qxd1+ 14. Rxd1 c4 15. Be2 h6 16. O-O Bf5 17. Ra1 Ke8 18. a4 Na5 19. Ra2 Kd7 20. Bc1 Ng6 21. g3 Nf8 22.
Ba3 Ne6 23. Rd1 g5 24. h4 Rhg8 25. h5 Bg4 26. Nh2 Bxe2 27. Rxe2 Ng7 28. Ng4 Nxh5 29.
Kg2 Rh8 30. e6+ fxe6 31. Ne5+ Kc7 32. Ng6 Rhe8 33. Rh1 Nf6 34. Rxh6 Ne4 35. Rh7+ Kc6 36. Ne5# 1-0

[Event "*** Titled Tuesday Blitz"]
[Site "Chess.com"]
[Date "2020.05.12"]
[Round "2"]
[White "mariangie523"]
[Black "willc-h99"]
[Result "0-1"]
[WhiteElo "2051"]
[BlackElo "2388"]
[TimeControl "180+1"]
[EndTime "10:17:43 PDT"]
[Termination "willc-h99 won on time"]

1. e4 c5 2. Nf3 g6 3. d4 cxd4 4. Nxd4 Bg7 5. c4 Nc6 6. Be3 Nf6 7. Nc3 O-O 8. Be2 d6 9. O-O Bd7 10. f3 Nxd4 11. Bxd4 a5 12. Qd2 Bc6 13. Be3 Nd7 14. Rfd1 Nc5 15. b3 Be5 16. Rac1 e6 17. f4 Bxc3 18.
Qxc3 Nxe4 19. Qd4 Qe7 20. Bf3 e5 21. Qd3 f5 22. Bxe4 fxe4 23. Qxd6 Qxd6 24. Rxd6 exf4 25.
Bc5 Rf5 26. Bb6 f3 27. gxf3 exf3 28. Kf2 Re8 29. Rd8 Rxd8 30. Bxd8 Kf7 31. Re1 h5 32. h4 Rf4 33. Re7+ Kf8 34. Re6 Rg4 35. Re1 Rg2+ 36. Ke3 Rxa2 37. Rf1 Kf7 0-1